 Dungeon Crawl Stone Soup version 0.30-a0-912-ge10d75a369 (webtiles) character file.

Game seed: 3284012285953385001

48683 Conn the Thaumaturge (level 14, -1/79 HPs)
             Began as an Octopode Fire Elementalist on Mar 19, 2023.
             Was an Elder of Sif Muna.
             Slain by an elephant (9 damage)
             ... while petrified by a basilisk
             ... on level 5 of the Lair of Beasts.
             The game lasted 01:07:32 (19372 turns).

Conn the Thaumaturge (Octopode Fire Elementalist)  Turns: 19372, Time: 01:07:32

Health: -1/79      AC:  4    Str: 12    XL:     14   Next: 47%
Magic:  48/48      EV:  2    Int: 34    God:    Sif Muna [****..]
Gold:   270        SH:  0    Dex: 20    Spells: 0/36 levels left

rFire   + + .      SeeInvis +    b - +3 broad axe of Keczym {elec, rElec Int+4 Dex+2}
rCold   + . .      Faith    .    i - +3 buckler
rNeg    + + +      Spirit   .    S - +3 hat of Pondering {ponderous, Will+ MP+10 Int+5}
rPois   ∞          Reflect  .    B - amulet of magic regeneration
rElec   +          Rampage  .    o - ring of protection from cold
rCorr   .          Clarity  +    H - ring of protection from cold
Will    ++...                    q - ring of fire
Stlth   ++++                     u - ring of fire
HPRegen 0.33/turn                w - +6 ring of dexterity
MPRegen 0.71/turn                U - ring of willpower
                                 M - ring "Oqoreaw" {Wiz rPois rC+ Str-3 SInv}
                                 I - ring "Okotask" {rElec Will- MP+9 Str+7 Int+3}

@: petrified, slow
A: almost no armour, amphibious, 8 rings, camouflage 1, gelatinous body 1,
(nimble swimmer 1), tentacles, tentacle spike 1, clarity, sense surroundings 1
a: Renounce Religion, Channel Magic, Forget Spell, Divine Exegesis


You were on level 5 of the Lair of Beasts.
You worshipped Sif Muna.
Sif Muna was greatly pleased with you.
You visited 3 branches of the dungeon, and saw 19 of its levels.

You collected 1956 gold pieces.
You spent 1686 gold pieces at shops.

Inventory:

Hand Weapons
 b - the +3 broad axe of Keczym (weapon) {elec, rElec Int+4 Dex+2}
   (You found it on level 4 of the Lair of Beasts)

   Int:       It affects your intelligence (+4).
   Dex:       It affects your dexterity (+2).
   rElec:     It insulates you from electricity.
 d - a +0 short sword
 k - a +2 dagger of speed
Missiles
 v - 6 curare-tipped darts
 Q - a throwing net
Armour
 e - an orb of mayhem
 i - a +3 buckler (worn)
 E - the -2 hat of the Alchemist {rElec rPois rF+ rC+ rN+ Will+ rMut rCorr}
   (You acquired it on level 9 of the Dungeon)

   rF:        It protects you from fire.
   rC:        It protects you from cold.
   rElec:     It insulates you from electricity.
   rPois:     It protects you from poison.
   rN:        It protects you from negative energy.
   rCorr:     It protects you from acid and corrosion.
   rMut:      It protects you from mutation.
   Will:      It increases your willpower.
 O - a +1 kite shield
 S - the +3 hat of Pondering (worn) {ponderous, Will+ MP+10 Int+5}
   (You took it off Gastronok on level 1 of the Lair of Beasts)

   Int:       It affects your intelligence (+5).
   MP:        It affects your magic capacity (+10).
   Will:      It increases your willpower.
Magical Staves
 a - a staff of fire
 L - a staff of cold
Jewellery
 o - a ring of protection from cold (left tentacle)
 p - a ring of willpower
 q - a ring of fire (on tentacle)
 u - a ring of fire (on tentacle)
 w - a +6 ring of dexterity (on tentacle)
 y - a ring of fire
 B - an amulet of magic regeneration (around mantle)
 G - a ring of protection from fire
 H - a ring of protection from cold (right tentacle)
 I - the ring "Okotask" (on tentacle) {rElec Will- MP+9 Str+7 Int+3}
   (You bought it in a shop on level 2 of the Orcish Mines)

   [ring of magical power]

   Str:       It affects your strength (+7).
   Int:       It affects your intelligence (+3).
   rElec:     It insulates you from electricity.
   MP:        It affects your magic capacity (+9).
   Will:      It decreases your willpower.
 M - the ring "Oqoreaw" (on tentacle) {Wiz rPois rC+ Str-3 SInv}
   (You found it on level 12 of the Dungeon)

   [ring of wizardry]

   It improves your spell success rate.
   Str:       It affects your strength (-3).
   rC:        It protects you from cold.
   rPois:     It protects you from poison.
   SInv:      It lets you see invisible.
 U - a ring of willpower (on tentacle)
Wands
 l - a wand of mindburst (23)
 s - a wand of polymorph (23)
 t - a wand of flame (48)
 D - a wand of roots (1)
 T - a wand of paralysis (6)
 V - a wand of acid (4)
Scrolls
 f - 5 scrolls of teleportation
 j - 2 scrolls of poison
 r - 5 scrolls of fog
 z - 3 scrolls of vulnerability
 C - 3 scrolls of amnesia
 F - 2 scrolls of immolation
 J - a scroll of summoning
 K - a scroll of fear
 N - a scroll of magic mapping
 R - 2 scrolls of blinking
Potions
 c - 3 potions of mutation
 g - 3 potions of heal wounds
 h - a potion of might
 m - 2 potions of magic
 n - 6 potions of curing
 x - 2 potions of invisibility
 A - 3 potions of berserk rage
 P - 3 potions of lignification
 W - a potion of flight
 X - 3 potions of ambrosia
 Y - a potion of brilliance
 Z - a potion of attraction {unknown}


   Skills:
 + Level 1.2 Fighting
 - Level 0.8 Short Blades
 - Level 1.2 Staves
 * Level 5.0 Dodging
 - Level 5.9 Stealth
 * Level 7.8 Shields
 + Level 11.8 Spellcasting
 + Level 8.2 Conjurations
 - Level 1.6 Hexes
 - Level 10.2 Summonings
 * Level 3.2 Translocations
 - Level 10.6 Fire Magic
 - Level 5.0 Ice Magic
 - Level 5.0 Air Magic
 * Level 6.4 Invocations


You couldn't memorise any spells.
You knew the following spells:

 Your Spells              Type           Power      Damage    Failure   Level
a - Foxfire               Conj/Fire      100%       2x1d9     1%          1
b - Swiftness             Air            52%        N/A       1%          3
c - Inner Flame           Hex/Fire       96%        N/A       1%          3
d - Flame Wave            Conj/Fire      100%       2d21      1%          4
e - Scorch                Fire           100%       2d10      1%          2
f - Fireball              Conj/Fire      56%        3d22      1%          5
g - Hailstorm             Conj/Ice       60%        3d13      1%          3
h - Summon Lightning Spi  Summ/Air       64%        N/A       1%          4
i - Summon Cactus Giant   Summ           37%        N/A       2%          6
j - Blink                 Tloc           84%        N/A       1%          2
k - Call Canine Familiar  Summ           74%        N/A       1%          3

Your spell library contained the following spells:

 Spells                   Type           Power      Damage    Failure   Level
 Apportation              Tloc           84%        N/A       1%          1
 Beastly Appendage        Tmut           40%        N/A       1%          1
 Freeze                   Ice            100%       1d10      1%          1
 Kiss of Death            Conj/Necr      100%       2d13      1%          1
 Magic Dart               Conj           100%       1d8       1%          1
 Necrotise                Necr           80%        1d8       1%          1
 Shock                    Conj/Air       100%       1d9       1%          1
 Summon Small Mammal      Summ           100%       N/A       1%          1
 Searing Ray              Conj           100%       2d8       1%          2
 Wereblood                Tmut           20%        N/A       1%          2
 Frozen Ramparts          Ice            100%       1d16      1%          3
 Kindle Blastsparks       Fire/Tloc/Air  100%       2d18      1%          3
 Portal Projectile        Hex/Tloc       72%        N/A       1%          3
 Airstrike                Air            26%        2d(4-20)  1%          4
 Fulminant Prism          Conj/Hex       26%        3d14      1%          4
 Sticky Flame             Conj/Fire      100%       2d11      1%          4
 Summon Ice Beast         Ice/Summ       64%        N/A       1%          4
 Manifold Assault         Tloc           42%        N/A       2%          4
 Spider Form              Tmut/Pois      20%        N/A       3%          3
 Cause Fear               Hex            15%        N/A       6%          4
 Irradiate                Conj/Tmut      24%        3d19      6%          5
 Anguish                  Hex/Necr       12%        N/A       8%          4
 Leda's Liquefaction      Hex/Erth       12%        N/A       8%          4
 Animate Dead             Necr           20%        N/A       11%         4
 Petrify                  Tmut/Erth      20%        N/A       11%         4
 Conjure Ball Lightning   Conj/Air       30%        3x3d10    11%         6
 Yara's Violent Unravell  Hex/Tmut       12%        3d7       21%         5
 Alistair's Intoxication  Tmut/Pois      13%        N/A       28%         5
 Blade Hands              Tmut           10%        N/A       28%         5
 Dispersal                Tloc           21%        N/A       38%         6
 Storm Form               Tmut/Air       18%        N/A       96%         7
 Enfeeble                 Hex            15%        N/A       98%         7
 Dragon Form              Tmut           10%        N/A       100%        7
 Discord                  Hex            15%        N/A       100%        8
 Disjunction              Tloc           21%        N/A       100%        8
 Chain Lightning          Conj/Air       30%        3d40      100%        9


Dungeon Overview and Level Annotations

Branches:
Dungeon (12/15)            Temple (0/1) D:4            Lair (5/5) D:8
 Shoals (0/4) Lair:2       Spider (0/4) Lair:2        Slime (0/5) Lair:5
    Orc (2/2) D:12            Elf (0/3) Orc:2

Altars:
Ashenzari
Dithmenos
Fedhas
Kikubaaqudgha
Makhleb
Qazlal
Ru
Sif Muna
Uskayaw
Vehumet
Xom
Yredelemnul
Zin
Jiyva

Shops:
D:10 *=?*   D:11 (   Orc:2 ([:(?[=:[

Annotations:
D:3 exclusion: statue


Innate Abilities, Weirdness & Mutations

You cannot wear most types of armour.
You are amphibious.
You can wear up to eight rings at the same time.
Your skin changes colour to match your surroundings (Stealth+).
Your rubbery body absorbs attacks. (AC +1, EV +1)
((You are camouflaged when in or above water. (Stealth+)))
You have tentacles for arms and can constrict up to eight enemies at once.
One of your tentacles bears a spike.
You possess an exceptional clarity of mind.
You passively map a small area around you.


Message History

Unknown command.
Casting: Scorch (safe; 1% risk of failure)
Confirm with . or Enter, or press ? or * to list all spells.
You escape the anaconda's grasp.
You blink.
Found a scroll of magic mapping.
Your surroundings suddenly seem different. 4 elephants come into view.
Found an orc skeleton.
The elephant trumpets! x4
The elephant tramples you!
You hold your ground!
You block the elephant's attack.
You have turned to stone.
The elephant tramples you!
You hold your ground!
The elephant trunk-slaps you. The elephant tramples you!
You hold your ground!
The elephant trunk-slaps you but does no damage.
You feel stable enough to blink again. The elephant tramples you!
You hold your ground!
The elephant trunk-slaps you. The elephant tramples you!
You hold your ground!
The elephant trunk-slaps you. The elephant tramples you.
You hold your ground!
The elephant trunk-slaps you. The elephant tramples you.
You hold your ground!
The elephant trunk-slaps you.
* * * LOW HITPOINT WARNING * * *
The elephant tramples you!
* * * LOW HITPOINT WARNING * * *
You hold your ground!
The elephant trunk-slaps you.
* * * LOW HITPOINT WARNING * * *
The elephant completely misses you. The elephant trunk-slaps you.
* * * LOW HITPOINT WARNING * * *
The elephant tramples you.
* * * LOW HITPOINT WARNING * * *
You hold your ground!
The elephant trunk-slaps you.
* * * LOW HITPOINT WARNING * * *
The elephant tramples you!
* * * LOW HITPOINT WARNING * * *
You hold your ground!
The elephant completely misses you. The elephant tramples you.
* * * LOW HITPOINT WARNING * * *
You hold your ground!
The elephant trunk-slaps you but does no damage.
The elephant tramples you but does no damage.
The elephant trunk-slaps you but does no damage.
The elephant tramples you!!
You die...

* ... * ,
... , , *
... , , **
##. * , , .
#P. , , , ,
* ..#* , ,
, * #..# ,
, ###...# ,
* , ,
*#@Y...# *
* #.YYY..##
.....÷.P##
P........##
.P.#######
##*


You could see 4 elephants.

Vanquished Creatures
  Gastronok (Lair:1)
  An orc warlord (Orc:1)
  7 hydras
  Harold (Lair:1)
  Erica (D:8)
  3 two-headed ogres
  A boulder beetle (D:11)
  3 orc high priests (Orc:2)
  Nergalle (Lair:1)
  2 skysharks
  A pharaoh ant (Lair:2)
  6 orc knights
  6 orc sorcerers
  2 cyclopes
  2 ugly things
  A manticore (D:6)
  7 elephants
  Joseph (D:8)
  3 black mambas
  5 cane toads
  A torpor snail (Lair:2)
  A gargoyle (D:10)
  A rime drake (Lair:3)
  3 komodo dragons
  A kobold demonologist (D:12)
  4 trolls
  A hornet (Lair:3)
  A snapping turtle (Lair:2)
  6 blink frogs (Lair:4)
  2 wyverns
  A shadow (D:11)
  2 vampires
  4 wraiths
  21 yaks
  7 basilisks
  2 steam dragons
  Grum (D:8)
  A redback (Lair:2)
  Edmund (D:5)
  Menkaure (D:7)
  3 wargs
  2 acid dragons
  13 water moccasins
  3 black bears
  29 orc warriors
  2 ice beasts
  3 sky beasts
  7 wolves
  10 ogres
  5 centaurs
  4 kobold brigands
  10 bullfrogs
  2 gnoll sergeants
  11 scorpions
  3 killer bees (D:9)
  6 electric eels
  6 howler monkeys
  A lava snake (D:7)
  2 jellies (D:4)
  27 orc priests
  2 gnoll boudas
  6 hounds
  A sleepcap (D:2)
  5 iguanas
  29 orc wizards
  Natasha (thrice) (D:4)
  22 gnolls
  8 adders
  A white imp (D:8)
  2 ufetubi
  5 dart slugs
  67 orcs
  6 ball pythons
  4 bats
  6 endoplasms
  3 giant cockroaches
  5 goblins
  4 hobgoblins
  6 jackals (D:3)
  28 kobolds
  6 quokkas
  7 frilled lizards
  3 rats
495 creatures vanquished.

Vanquished Creatures (collateral kills)
  The ghost of TimeIsEndless the Peltast, a journeyman TrFi of Okawaru (Lair:4)
  2 tarantellas (Lair:2)
  An orc (Orc:2)
  11 foxfires
15 creatures vanquished.

Vanquished Creatures (others)
  An orc priest (Orc:2)
  2 orcs (D:6)
  1427 foxfires
  22 fungi
  60 plants
1512 creatures vanquished.

Grand Total: 2022 creatures vanquished

Notes
Turn   | Place    | Note
-------+----------+-------------------------------------------
     0 | D:1      | Conn the Octopode Fire Elementalist began the quest for the
                  | Orb.
     0 | D:1      | Reached XP level 1. HP: 11/11 MP: 3/3
   147 | D:1      | Reached XP level 2. HP: 17/17 MP: 0/5
   226 | D:1      | Got Gaoxt's Octavo of Evolving Mortification
   894 | D:2      | Reached XP level 3. HP: 16/21 MP: 6/6
  1091 | D:2      | Reached XP level 4. HP: 20/27 MP: 0/7
  1268 | D:2      | Learned a level 2 spell: Scorch
  1272 | D:2      | Learned a level 3 spell: Inner Flame
  1803 | D:3      | Found a glowing silver altar of Zin.
  1804 | D:3      | Noticed an angel
  1994 | D:3      | Found a shimmering blue altar of Sif Muna.
  1998 | D:3      | Became a worshipper of Sif Muna the Loreminder
  2082 | D:3      | Reached skill level 3 in Spellcasting
  2082 | D:3      | Reached XP level 5. HP: 32/32 MP: 4/9
  2283 | D:3      | Found a radiant altar of Vehumet.
  2283 | D:3      | Noticed a charred statue
  2554 | D:3      | Gained mutation: You passively map a small area around you.
                  | [potion of mutation]
  2554 | D:3      | Gained mutation: You possess an exceptional clarity of
                  | mind. [potion of mutation]
  2554 | D:3      | Gained mutation: One of your tentacles bears a spike.
                  | [potion of mutation]
  2728 | D:4      | Found a staircase to the Ecumenical Temple.
  2740 | D:4      | Reached XP level 6. HP: 37/37 MP: 1/11
  3132 | D:4      | Noticed Natasha
  3140 | D:4      | Killed Natasha
  3207 | D:4      | Noticed Natasha
  3213 | D:4      | Killed Natasha
  3282 | D:4      | Noticed Natasha
  3286 | D:4      | Killed Natasha
  3353 | D:4      | Reached skill level 4 in Spellcasting
  3577 | D:4      | Reached XP level 7. HP: 34/42 MP: 6/13
  3739 | D:5      | Entered Level 5 of the Dungeon
  3746 | D:5      | Found a burning altar of Makhleb.
  3824 | D:5      | Reached * piety under Sif Muna
  3829 | D:5      | Reached skill level 5 in Fire Magic
  4046 | D:5      | Reached skill level 5 in Spellcasting
  4055 | D:5      | Reached XP level 8. HP: 47/47 MP: 1/15
  4069 | D:5      | Noticed Edmund
  4193 | D:5      | Killed Edmund
  4412 | D:5      | Found a stormy altar of Qazlal.
  4982 | D:5      | Learned a level 4 spell: Flame Wave
  5001 | D:6      | Reached skill level 5 in Stealth
  5134 | D:6      | Found a shadowy altar of Dithmenos.
  5161 | D:6      | Noticed a yak
  5165 | D:6      | Killed a yak
  5166 | D:6      | Reached skill level 6 in Spellcasting
  5372 | D:6      | Reached XP level 9. HP: 52/52 MP: 12/18
  5553 | D:6      | Reached ** piety under Sif Muna
  5585 | D:6      | Reached skill level 5 in Conjurations
  5879 | D:6      | Learned a level 3 spell: Swiftness
  5884 | D:6      | Learned a level 4 spell: Airstrike
  5928 | D:6      | Noticed a manticore
  5938 | D:6      | Killed a manticore
  5939 | D:6      | Reached skill level 1 in Air Magic
  5944 | D:6      | Reached skill level 7 in Spellcasting
  6744 | D:7      | Learned a level 3 spell: Hailstorm
  6758 | D:7      | Noticed Menkaure
  6762 | D:7      | Killed Menkaure
  6931 | D:7      | Found a broken altar of Ashenzari.
  6931 | D:7      | Found a blossoming altar of Fedhas.
  7202 | D:7      | Reached skill level 1 in Ice Magic
  7836 | D:8      | Noticed Grum
  7838 | D:8      | Reached XP level 10. HP: 46/57 MP: 13/21
  7842 | D:8      | Killed Grum
  7947 | D:8      | Found a hide-covered altar of Uskayaw.
  7980 | D:8      | Reached *** piety under Sif Muna
  7981 | D:8      | Reached skill level 1 in Invocations
  7985 | D:8      | Reached skill level 8 in Spellcasting
  7992 | D:8      | Reached skill level 1 in Shields
  8237 | D:8      | Found a shimmering altar of Xom.
  8313 | D:8      | Noticed Erica
  8321 | D:8      | Killed Erica
  8322 | D:8      | Reached skill level 1 in Hexes
  8331 | D:8      | Found an ancient bone altar of Kikubaaqudgha.
  8399 | D:8      | Noticed Joseph
  8404 | D:8      | Killed Joseph
  8448 | D:8      | Found a shimmering altar of Xom.
  8643 | D:8      | Found a staircase to the Lair.
  8901 | D:9      | Reached XP level 11. HP: 55/62 MP: 20/23
  8933 | D:9      | Reached **** piety under Sif Muna
  9111 | D:9      | Noticed a two-headed ogre
  9119 | D:9      | Killed a two-headed ogre
  9120 | D:9      | Reached skill level 9 in Spellcasting
  9136 | D:9      | Identified a scroll of acquirement
  9137 | D:9      | Acquired the -2 hat of the Alchemist {rElec rPois rF+ rC+
                  | rN+ Will+ rMut rCorr}
  9137 | D:9      | Found the -2 hat of the Alchemist {rElec rPois rF+ rC+ rN+
                  | Will+ rMut rCorr}
  9167 | D:9      | Noticed a two-headed ogre
  9173 | D:9      | Killed a two-headed ogre
  9748 | D:10     | Entered Level 10 of the Dungeon
  9810 | D:10     | Found Icuisixi's Assorted Antiques.
  9818 | D:10     | Bought a twisted bronze ring for 145 gold pieces
  9893 | D:10     | Found Vatwusoi's Magic Scroll Emporium.
  9911 | D:10     | Bought 3 scrolls of enchant armour for 292 gold pieces
  9911 | D:10     | Bought a scroll of teleportation for 39 gold pieces
  9940 | D:10     | Found Luphan's General Store.
 10086 | D:10     | Found a basalt altar of Yredelemnul.
 10086 | D:10     | Found Giwnayl's Book Emporium.
 10234 | D:10     | Found Kihu's Jewellery Boutique.
 10399 | D:10     | Noticed a cyan ugly thing
 10405 | D:10     | Killed a cyan ugly thing
 10733 | D:11     | Noticed a boulder beetle
 10774 | D:11     | Killed a boulder beetle
 11149 | D:11     | Reached skill level 5 in Shields
 11197 | D:11     | Found Mamirin's Antique Weapon Emporium.
 11285 | D:11     | Found a sacrificial altar of Ru.
 11318 | D:11     | Noticed a cyclops
 11326 | D:11     | Killed a cyclops
 11327 | D:11     | Reached skill level 1 in Fighting
 11618 | D:12     | Noticed a brown ugly thing
 11625 | D:12     | Noticed a sun demon
 11628 | D:12     | Reached skill level 10 in Fire Magic
 11628 | D:12     | Identified the ring "Oqoreaw" {Wiz rPois rC+ Str-3 SInv}
 11664 | D:12     | Noticed a two-headed ogre
 11670 | D:12     | Killed a two-headed ogre
 11671 | D:12     | Reached skill level 1 in Staves
 11671 | D:12     | Reached skill level 5 in Ice Magic
 11671 | D:12     | Reached XP level 12. HP: 68/68 MP: 19/25
 11678 | D:12     | Reached skill level 5 in Air Magic
 11862 | D:12     | Found a staircase to the Orcish Mines.
 12000 | D:12     | Reached ***** piety under Sif Muna
 12002 | D:12     | Reached skill level 10 in Spellcasting
 12016 | D:12     | Received a gift from Sif Muna
 12137 | D:12     | Got Sif Muna's Fundamentals of the Mysterious Arts {god
                  | gift}
 12143 | D:12     | Learned a level 4 spell: Summon Lightning Spire
 12514 | Orc:1    | Entered Level 1 of the Orcish Mines
 12593 | Orc:2    | Entered Level 2 of the Orcish Mines
 12593 | Orc:2    | Found Kuitawkeu's Armour Shop.
 12593 | Orc:2    | Found Emojap's Book Emporium.
 12628 | Orc:1    | Noticed an orc warlord
 12635 | Orc:1    | Reached skill level 1 in Summonings
 12827 | Orc:1    | Killed an orc warlord
 13142 | Orc:1    | Reached skill level 5 in Invocations
 13476 | Orc:1    | Learned a level 6 spell: Summon Cactus Giant
 13586 | Orc:2    | Found a staircase to the Elven Halls.
 13792 | Orc:2    | Reached skill level 5 in Summonings
 13893 | Orc:2    | Found Roghaxt's Jewellery Boutique.
 13901 | Orc:2    | Bought the ring "Okotask" {rElec Will- MP+9 Str+7 Int+3}
                  | for 762 gold pieces
 13946 | Orc:2    | Noticed an orc high priest
 13950 | Orc:2    | Noticed a sun demon
 13957 | Orc:2    | Killed an orc high priest
 13958 | Orc:2    | Reached XP level 13. HP: 22/72 MP: 13/27
 14546 | Orc:2    | Found Nakhocav's Weapon Shop.
 14558 | Orc:2    | Found Wakef's Antique Armour Shop.
 14705 | Orc:2    | Found Osoargh's Antique Armour Shop.
 14705 | Orc:2    | Found Afeodyh Bipt's Book Emporium.
 14707 | Orc:2    | Found Ygrir's Magic Scroll Shop.
 14707 | Orc:2    | Found Monlaggi's Weapon Emporium.
 14718 | Orc:2    | Bought an Inescapable Atlas for 448 gold pieces
 14722 | Orc:2    | Learned a level 2 spell: Blink
 15168 | Lair:1   | Entered Level 1 of the Lair of Beasts
 15243 | Lair:1   | Identified the +1 robe of Beahyl {rC+ Dex+4}
 15315 | Lair:1   | Noticed Harold
 15322 | Lair:1   | Killed Harold
 15324 | Lair:1   | Noticed Nergalle
 15335 | Lair:1   | Killed Nergalle
 15561 | Lair:1   | Received a gift from Sif Muna
 15562 | Lair:1   | Got Sif Muna's Information on Kinetic Calling {god gift}
 15678 | Lair:1   | Reached skill level 10 in Summonings
 15985 | Lair:1   | Noticed Gastronok
 16002 | Lair:1   | Killed Gastronok
 16003 | Lair:1   | Reached skill level 1 in Translocations
 16459 | Lair:2   | Learned a level 5 spell: Fireball
 16790 | Lair:2   | Found a hole to the Spider Nest.
 17151 | Lair:2   | Found a staircase to the Shoals.
 17162 | Lair:2   | Reached skill level 11 in Spellcasting
 17869 | Lair:3   | Reached XP level 14. HP: 79/79 MP: 29/29
 18799 | Lair:4   | Found a runed translucent gate.
 18799 | Lair:4   | Found a runed translucent gate.
 18801 | Lair:4   | Found a runed translucent gate.
 18801 | Lair:4   | Noticed TimeIsEndless's ghost (journeyman TrFi)
 18821 | Lair:4   | Killed TimeIsEndless's ghost
 18876 | Lair:4   | Identified the +3 broad axe of Keczym {elec, rElec Int+4
                  | Dex+2}
 18894 | Lair:4   | Learned a level 3 spell: Call Canine Familiar
 19101 | Lair:5   | Entered Level 5 of the Lair of Beasts
 19175 | Lair:5   | Reached skill level 5 in Dodging
 19348 | Lair:5   | Found a staircase to the Slime Pits.
 19349 | Lair:5   | Found a viscous altar of Jiyva.
 19372 | Lair:5   | Slain by an elephant

Illustrated notes

Levels and vault maps discovered:
D:1:      denvon_arrival_waterhouse, layout_rooms, chequers_serial_rivers_marsh,
          grunt_decor_clamped
D:2:      layout_rooms
D:3:      layout_loops_ring, zin_angel, led_sif_book, vehumet_statue,
          glass_columns_b
D:4:      layout_basic, minmay_temple_entry_sparse_star, feat_on_display,
          uniq_natasha
D:5:      layout_cave_pools, bloody_makhleb, nicolae_qazlal_general_emergency,
          uniq_edmund
D:6:      minmay_opposing_rooms, layout_loops_corners,
          nicolae_dithmenos_the_darkroom
D:7:      layout_gridville, nicolae_overflow_two_pavilions, uniq_menkaure
D:8:      layout_rooms, mainiacjoe_overflow_chevrons, lemuel_crystal_altar,
          lemuel_coloured_pillars_altar, grunt_lair_entry_orc_guard_hut,
          minmay_ruined_shrine, uniq_erica, uniq_grum, uniq_joseph
D:9:      layout_basic, serial_bayou, serial_bayou_pond_e, serial_bayou_shore_b,
          serial_bayou_pond_d, serial_bayou_lake_a
D:10:     wander_river, layout_irregular_city, yredelemnul_altar_generic,
          serial_shops, shop_statue, shop, kennysheep_mini_moat,
          nicolae_shop_waterfront, nicolae_shop_stone,
          kennysheep_generic_room_10
D:11:     minmay_general_purpose_star, layout_basic, serial_shops,
          nicolae_shop_advertising_works [nicolae_subvault_shop_adworks],
          nicolae_ru_great_annihilating_truth
D:12:     layout_loops_ring, david_orc_3
Lair:1:   layout_cave_pods, serial_rivers, chequers_serial_rivers_large_b,
          chequers_serial_rivers_micro_a, chequers_serial_rivers_room_b,
          chequers_serial_rivers_micro_e, dreamdust_mushroom_princess,
          infiniplex_staircase_pool, serial_bayou_shore_b, uniq_nergalle,
          uniq_harold, uniq_gastronok
Lair:2:   layout_small_grid, minmay_shoals_entry_hut,
          nicolae_spider_entry_lesser_pyramids
Lair:3:   layout_gridlike, serial_bayou_shore_b, serial_bayou_shore_a
Lair:4:   layout_big_grid, gammafunk_ghost_hydra_chop
Lair:5:   grunt_lair_end_beastmaster, layout_hall_layers, slime_entry_1,
          infiniplex_staircase_pool_2
Orc:1:    cheibrodos_orc_arena, layout_caves, nicolae_orc_lava_room
Orc:2:    grunt_orc_tribal_feast, layout_caves, serial_shops, shop, shop, shop,
          shop, shop

Skill      XL: |  1  2  3  4  5  6  7  8  9 10 11 12 13 14 |
---------------+-------------------------------------------+-----
Stealth        | 3 4 5 |  5.9
Fire Magic     | 4 5 6 8 9 10 | 10.6
Spellcasting   | 3 4 5 6 7 8 9 10 11 | 11.8
Conjurations   | 2 3 4 5 6 7 8 |  8.2
Air Magic      | 2 3 4 5 |  5.0
Ice Magic      | 1 2 5 |  5.0
Invocations    | 2 4 5 6 |  6.4
Shields        | 2 5 6 7 |  7.8
Hexes          | 1 |  1.6
Fighting       | 1 |  1.2
Staves         | 1 |  1.2
Summonings     | 6 10 | 10.2
Dodging        | 3 5 |  5.0
Translocations | 2 3 |  3.2
Short Blades   | |  0.8

Action                     |  1- 3 |  4- 6 |  7- 9 | 10-12 | 13-15 || total
---------------------------+-------+-------+-------+-------+-------++-------
  Melee: Unarmed           |     2 |       |       |       |       ||     2
         Constrict         |     4 |     7 |     5 |     5 |     3 ||    24
         Tentacles         |     4 |     6 |     8 |     3 |     2 ||    23
         Punch             |     1 |       |       |       |       ||     1
         Short sword       |    16 |     1 |       |       |       ||    17
         Staff             |       |    20 |    18 |    23 |     4 ||    65
         Kick              |       |     3 |     8 |    11 |     3 ||    25
         Broad axe         |       |       |       |       |     1 ||     1
   Cast: Foxfire           |    38 |    79 |   128 |   359 |   213 ||   817
         Scorch            |       |    13 |    62 |   124 |    90 ||   289
         Inner Flame       |       |       |     8 |    45 |    21 ||    74
         Flame Wave        |       |       |     3 |    32 |    28 ||    63
         Hailstorm         |       |       |     2 |     4 |       ||     6
         Summon Lightning  |       |       |       |     5 |     5 ||    10
         Swiftness         |       |       |       |     1 |     1 ||     2
         Fireball          |       |       |       |       |    11 ||    11
         Blink             |       |       |       |       |     3 ||     3
         Summon Cactus Gia |       |       |       |       |     2 ||     2
 Invoke: Channel Magic     |       |       |       |     1 |       ||     1
  Evoke: Wand              |       |       |       |     2 |       ||     2
    Use: Scroll            |       |     5 |     6 |     9 |     6 ||    26
         Potion            |       |     1 |     6 |       |       ||     7
   Stab: Sleeping          |     4 |     5 |     1 |     1 |       ||    11
         Distracted        |       |       |       |     2 |       ||     2
         Paralysed         |       |       |       |     1 |       ||     1
 Armour: Skin              |     3 |       |     2 |     2 |     5 ||    12
  Dodge: Dodged            |    18 |    20 |    32 |    54 |    19 ||   143
  Block: Buckler           |       |     2 |     7 |    31 |    20 ||    60

Table legend: (Time is in decaauts)
 A = Elapsed time spent in this place.
 B = Non-inter-level travel time spent in this place.
 C = Inter-level travel time spent in this place.
 D = Time resting spent in this place.
 E = Time spent auto-exploring this place.
 F = Levels seen in this place.
 G = Mean time per level.
                   A        B        C        D        E       F      G
               +--------+--------+--------+--------+--------+-----+--------+
         Total |  19607 |  19063 |    544 |    494 |  14024 |  19 | 1031.9 |
       Dungeon |  12646 |  12255 |    391 |    494 |   8928 |  12 | 1053.8 |
          Lair |   4435 |   4344 |     91 |      0 |   3524 |   5 |  887.0 |
  Orcish Mines |   2525 |   2464 |     61 |      0 |   1572 |   2 | 1262.5 |
               +--------+--------+--------+--------+--------+-----+--------+

Top non-repeatable levels by time:
     D:6: 1726 daAuts
   Orc:2: 1476 daAuts
     D:4: 1272 daAuts
  Lair:1: 1265 daAuts
     D:7: 1221 daAuts
  Lair:2: 1137 daAuts
     D:5: 1133 daAuts
   Orc:1: 1048 daAuts
     D:8: 987 daAuts
    D:11: 971 daAuts
     D:3: 964 daAuts
    D:10: 947 daAuts
  Lair:4: 944 daAuts
    D:12: 935 daAuts
     D:9: 886 daAuts
